 Dungeon Crawl Stone Soup version 0.30-a0-311-gf115ab0292 (webtiles) character file.

Game seed: 7119154058588002185

694 fozzywoppz the Chopper (level 7, -6/61 HPs)
             Began as a Minotaur Fighter on Oct 26, 2022.
             Mangled by an ogre
             ... wielding a +0 giant club
              (30 damage)
             ... on level 5 of the Dungeon.
             The game lasted 00:05:43 (3261 turns).

fozzywoppz the Chopper (Minotaur Fighter)           Turns: 3261, Time: 00:05:44

Health: -6/61      AC:  9    Str: 22    XL:     7   Next: 37%
Magic:  6/6        EV: 10    Int:  5    God:
Gold:   189        SH:  4    Dex: 10    Spells: 6/6 levels left

rFire   . . .      SeeInvis .    a - +0 war axe
rCold   . . .      Faith    .    c - +0 buckler
rNeg    . . .      Spirit   .    b - +0 scale mail
rPois   +          Reflect  .    (helmet restricted)
rElec   .          Harm     .    (no cloak)
rCorr   .          Rampage  .    A - +0 pair of gloves
Will    .....                    y - +0 pair of boots
Stlth   ..........               (no amulet)
HPRegen 0.30/turn                x - ring of poison resistance
MPRegen 0.10/turn                (no ring)

@: no status effects
A: horns 2, retaliatory headbutt
a: no special abilities


You were on level 5 of the Dungeon.
You visited 1 branch of the dungeon, and saw 5 of its levels.

You collected 189 gold pieces.

Inventory:

Hand Weapons
 a - a +0 war axe (weapon)
 r - a +2 hand axe of flaming
 F - a +0 morningstar
Armour
 b - a +0 scale mail (worn)
 c - a +0 buckler (worn)
 h - a +0 kite shield
 y - a +0 pair of boots (worn)
 A - a +0 pair of gloves (worn)
Jewellery
 x - a ring of poison resistance (left hand)
Wands
 g - a wand of flame (10)
 p - a wand of mindburst (11)
Scrolls
 d - a scroll of butterflies {unknown}
 e - 2 scrolls of magic mapping
 f - a scroll of vulnerability {unknown}
 i - 2 scrolls of amnesia {unknown}
 j - 2 scrolls of immolation {unknown}
 k - a scroll of poison {unknown}
 l - a scroll of fear {unknown}
 m - a scroll of identify
 n - 2 scrolls of summoning {unknown}
 o - 3 scrolls of teleportation {unknown}
 C - a scroll of noise {unknown}
Potions
 q - a potion of attraction
 s - 2 potions of heal wounds
 t - 2 potions of lignification
 u - 4 potions of flight
 v - a potion of invisibility
 w - a potion of degeneration {unknown}
 z - 3 potions of curing
 B - a potion of magic {unknown}
 D - a potion of mutation {unknown}
 E - a potion of berserk rage {unknown}


   Skills:
 - Level 5.0 Fighting
 + Level 7.6 Axes
 - Level 4.0 Armour
 + Level 3.4 Dodging
 + Level 0.4 Stealth
 + Level 4.6 Shields
 + Level 0.4 Evocations


You had 6 spell levels left.
You didn't know any spells.
Your spell library contained the following spells:

 Spells                   Type           Power      Damage    Failure   Level
 Frozen Ramparts          Ice            0%         1d1       99%         3
 Inner Flame              Hex/Fire       0%         N/A       99%         3
 Tukima's Dance           Hex            0%         N/A       99%         3
 Flame Wave               Conj/Fire      0%         2d4       100%        4
 Ice Form                 Ice/Tmut       0%         N/A       100%        4
 Passage of Golubria      Tloc           0%         N/A       100%        4
 Sticky Flame             Conj/Fire      0%         2d3       100%        4
 Summon Ice Beast         Ice/Summ       0%         N/A       100%        4
 Yara's Violent Unravell  Hex/Tmut       0%         3d3       100%        5


Dungeon Overview and Level Annotations

Branches:
Dungeon (5/15)
 Temple: D:4-7

Altars:


Innate Abilities, Weirdness & Mutations

You have a pair of horns on your head.
You reflexively headbutt those who attack you in melee.


Message History

You kill the orc!
No target in view!
No target in view!
Things that are here:
a +0 morningstar; a +0 scale mail; an orc corpse
F - a +0 morningstar
Found a stone staircase leading down.
Found a stone staircase leading down.
An ogre comes into view. It is wielding a +0 giant club.
Found a scroll labelled AROEVA JO VANATHE.
The ogre shouts!
You hear a shout!
A hound comes into view.
There are monsters nearby!
Found a potion of flight.
The hound barks!
An ogre comes into view. It is wielding a +0 giant club.
The ogre closely misses you. The hound barely misses you.
Things that are here:
a scroll labelled MULOINLANY FIHEO; 8 gold pieces You slash the ogre!
Your headbutt misses the ogre.
The ogre is moderately wounded.
You barely miss the hound. The hound barely misses you.
You furiously retaliate!
You headbutt the hound! The ogre hits you with a +0 giant club.
You closely miss the hound.
The hound is severely wounded.
You hit the ogre. You block the hound's attack. The hound bites you.
You hit the hound.
The hound is almost dead.
You hit the ogre. x2; The hound misses you.
The ogre hits you with a +0 giant club! x2; The hound bites you.
You are too injured to fight recklessly!
You are too injured to fight recklessly!
You are too injured to fight recklessly!
Unknown command.
You slash the hound!
You kill the hound!
You slash the ogre! You hit the ogre. The ogre closely misses you.
The ogre hits you with a +0 giant club!!
You die...

#......#
#......#
###.!....###
...........#
...........#
..........>#
......O.O..#
.......@...#
...........#
.....?.....#
..########.#
⌠ #.#
########.#
.........#
.⌠.....#.#
.......#.#


You could see 2 ogres.

Vanquished Creatures
  Grinder (D:3)
  Sigmund (D:2)
  A necrophage (D:5)
  A hound (D:5)
  2 orc priests (D:5)
  Terence (D:2)
  Robin (D:2)
  4 gnolls (D:5)
  2 adders
  2 ufetubi (D:5)
  A worm (D:2)
  2 dart slugs
  10 orcs
  5 ball pythons
  12 bats
  An endoplasm (D:2)
  6 giant cockroaches
  21 goblins
  9 hobgoblins
  3 jackals (D:4)
  4 kobolds
  2 quokkas
  4 frilled lizards
  5 rats
101 creatures vanquished.

Notes
Turn   | Place    | Note
-------+----------+-------------------------------------------
     0 | D:1      | fozzywoppz the Minotaur Fighter began the quest for the
                  | Orb.
     0 | D:1      | Reached XP level 1. HP: 19/19 MP: 0/0
    69 | D:1      | Reached XP level 2. HP: 27/27 MP: 1/1
   272 | D:1      | Reached XP level 3. HP: 32/33 MP: 2/2
   303 | D:1      | Reached skill level 3 in Axes
   623 | D:2      | Noticed Robin
   636 | D:2      | Killed Robin
   637 | D:2      | Reached skill level 1 in Dodging
   637 | D:2      | Reached XP level 4. HP: 15/41 MP: 3/3
   812 | D:2      | Noticed Terence
   824 | D:2      | Killed Terence
   921 | D:2      | Identified the +9 whip of Noon {venom, rCorr Str+3}
  1004 | D:2      | Reached skill level 4 in Axes
  1046 | D:2      | Noticed Sigmund
  1061 | D:2      | Killed Sigmund
  1062 | D:2      | Reached skill level 5 in Fighting
  1062 | D:2      | Reached skill level 5 in Axes
  1062 | D:2      | Reached XP level 5. HP: 17/48 MP: 4/4
  1062 | D:2      | Reached XP level 6. HP: 20/56 MP: 5/5
  1393 | D:3      | Noticed Grinder
  1407 | D:3      | Killed Grinder
  1408 | D:3      | Reached skill level 6 in Axes
  2645 | D:4      | Identified the +8 rapier "Feogehefa" {flame, Str+2 Int+2
                  | Stlth+}
  2798 | D:5      | Entered Level 5 of the Dungeon
  2807 | D:5      | Reached XP level 7. HP: 50/61 MP: 6/6
  2952 | D:5      | Reached skill level 7 in Axes
  3261 | D:5      | Mangled by an ogre

Illustrated notes

Levels and vault maps discovered:
D:1:      dpeg_arrival_tiny_j, layout_rooms, minmay_hexomino_p4
D:2:      layout_basic, uniq_sigmund, uniq_robin, uniq_terence
D:3:      layout_basic, uniq_grinder
D:4:      layout_loops_ring, nicolae_figureground_pulse
D:5:      layout_basic, minmay_temple_entry_junction, serial_shops,
          shop_scrolls, uniq_prince_ribbit1, uniq_menkaure

Skill      XL: |  1  2  3  4  5  6  7 |
---------------+----------------------+-----
Fighting       | 4 5 |  5.0
Shields        | 4 |  4.6
Axes           | 3 5 6 7 |  7.6
Armour         | 4 |  4.0
Dodging        | 1 2 3 |  3.4
Stealth        | |  0.4
Evocations     | |  0.4

Action                   |  1- 3 |  4- 6 |  7- 9 || total
-------------------------+-------+-------+-------++-------
Melee: War axe           |    73 |    85 |    28 ||   186
       Headbutt          |     9 |    14 |     3 ||    26
Evoke: Wand              |       |     2 |       ||     2
  Use: Scroll            |       |     6 |       ||     6
       Potion            |       |     2 |       ||     2
Armor: Scale mail        |    41 |    35 |     6 ||    82
Dodge: Dodged            |    49 |    37 |    18 ||   104
Block: Buckler           |    23 |    20 |     3 ||    46

Table legend: (Time is in decaauts)
 A = Elapsed time spent in this place.
 B = Non-inter-level travel time spent in this place.
 C = Inter-level travel time spent in this place.
 D = Time resting spent in this place.
 E = Time spent auto-exploring this place.
 F = Levels seen in this place.
 G = Mean time per level.
                   A        B        C        D        E       F      G
               +--------+--------+--------+--------+--------+-----+--------+
         Total |   3317 |   3208 |    109 |      0 |   2575 |   5 |  663.4 |
       Dungeon |   3317 |   3208 |    109 |      0 |   2575 |   5 |  663.4 |
               +--------+--------+--------+--------+--------+-----+--------+

Top non-repeatable levels by time:
     D:2: 822 daAuts
     D:3: 812 daAuts
     D:4: 726 daAuts
     D:1: 487 daAuts
     D:5: 468 daAuts
